 Dungeon Crawl Stone Soup version 0.21.1-1-g345015f (webtiles) character file.

2300 Mgcat the Fighter (level 9, -3/68 HPs)
             Began as a Formicid Skald on Mar 20, 2018.
             Was an Initiate of Gozag.
             Slain by an ogre
             ... wielding a +0 giant club
              (20 damage)
             ... on level 7 of the Dungeon.
             The game lasted 00:17:52 (5501 turns).

Mgcat the Fighter (Formicid Skald)                  Turns: 5501, Time: 00:17:52

Health: -3/68      AC:  6    Str: 19      XL:     9   Next: 67%
Magic:  13/13      EV:  9    Int: 10 (12) God:    Gozag
Gold:   376        SH:  8    Dex: 11      Spells: 5/13 levels left

rFire    . . .     SeeInvis +   g - +1 war axe
rCold    . . .     Gourm    .   j - +0 shield
rNeg     . . .     Faith    .   f - +1 ring mail
rPois    +         Spirit   .   (helmet unavailable)
rElec    .         Reflect  .   (no cloak)
rCorr    .         Harm     .   (no gloves)
MR       .....                  (no boots)
Stlth    +.........             (no amulet)
HPRegen  0.21/turn              (no ring)
MPRegen  0.13/turn              (no ring)

@: no status effects
A: permanent stasis, dig shafts and tunnels, four strong arms, antennae 3,
deterioration 1, frail 1, poison resistance
a: Dig, Shaft Self, Potion Petition, Call Merchant, Bribe Branch, Renounce
Religion


You were on level 7 of the Dungeon.
You worshipped Gozag.
Gozag was aware of your devotion.
You were not hungry.

You visited 1 branch of the dungeon, and saw 8 of its levels.

You collected 761 gold pieces.
You paid 385 gold pieces to Gozag.

Inventory:

Hand Weapons
 g - a +1 war axe (weapon)
   (You took it off an orc on level 4 of the Dungeon)
Armour
 f - a +1 ring mail (worn)
   (You found it on level 1 of the Dungeon)
 i - a +0 plate armour
   (You found it on level 4 of the Dungeon)
 j - a +0 shield (worn)
   (You found it on level 4 of the Dungeon)
Wands
 b - a wand of iceblast (10)
   (You found it on level 8 of the Dungeon)
Scrolls
 a - a scroll of enchant armour
 l - a scroll of identify
 s - 2 scrolls of remove curse
Potions
 m - a potion of curing
 o - a potion of might {unknown}
Books
 c - a book of Battle
 e - a book of Conjurations
   (You found it on level 6 of the Dungeon)
Comestibles
 d - 9 rations


   Skills:
 + Level 9.0 Fighting
 + Level 8.2 Axes
 + Level 2.2 Armour
 + Level 2.4 Dodging
 + Level 1.9 Shields
 + Level 2.9 Spellcasting
 + Level 3.6 Charms
 + Level 1.7 Necromancy


You had 5 spell levels left.
You knew the following spells:

 Your Spells              Type           Power        Failure   Level  Hunger
a - Infusion              Chrm           #...         45%         1    ##.....
b - Song of Slaying       Chrm           #.......     58%         2    ###....
c - Shroud of Golubria    Chrm/Tloc      #.........   85%         2    ###....
d - Regeneration          Chrm/Necr      #.........   91%         3    ####...


Dungeon Overview and Level Annotations

Branches:
Dungeon (8/15)
 Temple: D:4-7         Lair: D:8-11

Altars:
Elyvilon
Gozag
Hepliaklqana
Nemelex Xobeh
Ru
Wu Jian
The Shining One

Annotations:
D:3 EtherFrog's ghost, amateur MiBe
D:5 1 runed door
D:6 Mirai's ghost, novice MiFi


Innate Abilities, Weirdness & Mutations

You cannot be hasted, slowed, berserked, paralysed or teleported.
You can dig through walls and to a lower floor.
Your four strong arms can wield two-handed weapons with a shield.
You have a pair of large antennae on your head. (SInv)
Your body sometimes deteriorates upon taking damage.
You are frail. (-10% HP)
Your system is resistant to poisons. (rPois)


Message History

The adder bites you.
You slash the adder!
You kill the adder!
You feel sick.
You hit the worker ant.
The worker ant is moderately wounded.
The worker ant bites you. x2
You hit the worker ant.
The worker ant is heavily wounded.
The worker ant bites you but does no damage.
You closely miss the worker ant.
The worker ant is heavily wounded.
You feel sick. You block the worker ant's attack.
You slash the worker ant!
You kill the worker ant!
You see here 16 gold pieces.
You feel sick.
You feel sick.
You feel sick.
You are no longer poisoned.
Unknown command.
The sky beast hits you but does no damage.
You slash the sky beast!
The sky beast is heavily wounded.
The sky beast closely misses you.
You closely miss the sky beast.
The sky beast is heavily wounded.
The sky beast hits you but does no damage.
You hit the sky beast.
The sky beast is severely wounded.
The sky beast hits you but does no damage.
The sky beast hits you. The sky beast shocks you.
You closely miss the sky beast.
The sky beast is severely wounded.
The sky beast flickers out of sight for a moment.
The sky beast hits you but does no damage.
You slash the sky beast!
The sky beast is almost dead.
The sky beast barely misses you.
You slash the sky beast!
You kill the sky beast!
HP restored.
You now have 328 gold pieces (gained 14).
You now have 344 gold pieces (gained 16).
b - a wand of iceblast (10)
You now have 363 gold pieces (gained 19).
You now have 376 gold pieces (gained 13).
Found a stone staircase leading up.
An orc comes into view. It is wielding a hand axe.
The orc shouts!
An orc priest comes into view. It is wielding a mace of protection.
You start resting.
You block the orc's attack.
You slice the orc!!
You kill the orc!
The orc priest shouts!
An orc comes into view. It is wielding a hand axe.
Things that are here:
5 gold pieces; a hand axe
Okay, then.
Unknown command.
The orc shouts!
An orc warrior comes into view. It is wielding a scimitar.
The orc warrior shouts!
You hit the orc priest but do no damage.
The orc priest hits you with a mace of protection.
You hit the orc priest.
The orc priest is heavily wounded.
The orc priest calls down the wrath of Beogh upon you.
Beogh smites you!
Your body deteriorates!
You feel clumsy.
You hit the orc priest.
The orc priest is heavily wounded.
The orc priest barely misses you.
You slash the orc priest!
You kill the orc priest!
You feel your dexterity returning.
The orc warrior throws a tomahawk.
You block the tomahawk.
The orc warrior throws a tomahawk.
The tomahawk hits you!
The orc warrior throws a tomahawk.
The tomahawk barely misses you.
The orc warrior throws a tomahawk.
You block the tomahawk.
You see here a tomahawk.
An ogre comes into view. It is wielding a giant club.
The orc warrior throws a tomahawk.
You block the tomahawk.
You see here a tomahawk.
The orc warrior throws a tomahawk.
The tomahawk hits you.
You see here a tomahawk.
The ogre hits you with a giant club!!
There is a stone staircase leading up here.
You block the ogre's attack.
You climb upwards.
Found an escape hatch in the floor.
There is a stone staircase leading down here.
You barely miss the ogre. The ogre hits you with a giant club!
* * * LOW HITPOINT WARNING * * *
You slash the ogre!
The ogre is severely wounded.
The ogre hits you with a giant club!!
You die...
Your body crumbles into a pile of gold.

#.# #.. #.#
#.# #.# #.# #
#.###.#.#.###
#....@O......
#.###.#.#.#..
#.# # ... #..
#.## .>. #.#


You could see an ogre.

Vanquished Creatures
  Pikel (D:5)
  The ghost of bmj180 the Cutter, an amateur HaFi (D:4)
  Menkaure (D:6)
  2 sky beasts
  An ice beast (D:5)
  A slave (D:5)
  3 ogres
  A centaur (D:8)
  A bullfrog (D:8)
  A scorpion (D:4)
  A howler monkey (D:4)
  A crimson imp (D:5)
  3 hounds (D:5)
  A bullfrog zombie (D:8)
  3 orc priests
  A centaur skeleton (D:4)
  A jelly (D:5)
  4 orc wizards
  An iguana (D:8)
  5 worker ants
  A worker ant zombie (D:8)
  4 gnolls (D:5)
  6 adders
  2 shadow imps (D:5)
  3 oozes
  2 adder skeletons
  2 leopard geckos
  15 orcs
  4 giant cockroaches
  8 goblins (D:1)
  4 hobgoblins (D:1)
  8 jackals
  8 kobolds
  7 quokkas
  3 bats (D:1)
  2 frilled lizards (D:1)
  3 rats (D:2)
116 creatures vanquished.

Vanquished Creatures (others)
  A slave (D:6)
  A howler monkey (D:6)
  A quokka (D:5)
3 creatures vanquished.

Grand Total: 119 creatures vanquished

Notes
Turn   | Place    | Note
-------+----------+-------------------------------------------
     0 | D:1      | Mgcat the Formicid Skald began the quest for the Orb.
     0 | D:1      | Reached XP level 1. HP: 16/16 MP: 3/3
   179 | D:1      | Reached XP level 2. HP: 20/23 MP: 1/5
   522 | D:1      | Reached skill level 3 in Fighting
   522 | D:1      | Reached XP level 3. HP: 29/29 MP: 3/6
   555 | D:1      | Found a sparkling altar of Nemelex Xobeh.
   851 | D:2      | Reached skill level 3 in Axes
  1000 | D:2      | Reached XP level 4. HP: 32/35 MP: 7/7
  1111 | D:2      | Found an opulent altar of Gozag.
  1156 | D:2      | Became a worshipper of Gozag Ym Sagoz the Greedy
  1235 | D:2      | Found a glowing golden altar of the Shining One.
  1360 | D:2      | Found a sacrificial altar of Ru.
  1607 | D:4      | HP: 7/36 [orc/hand axe (5)]
  1617 | D:4      | Reached skill level 4 in Fighting
  1621 | D:4      | Reached XP level 5. HP: 23/42 MP: 1/8
  1653 | D:4      | Reached skill level 4 in Axes
  1676 | D:4      | Reached XP level 6. HP: 16/50 MP: 0/9
  1800 | D:4      | Noticed bmj180's ghost (amateur HaFi)
  1904 | D:3      | Noticed a sky beast
  1923 | D:3      | Killed a sky beast
  1923 | D:3      | Reached skill level 5 in Fighting
  2017 | D:3      | Noticed EtherFrog's ghost (amateur MiBe)
  2081 | D:4      | Reached skill level 5 in Axes
  2081 | D:4      | Reached XP level 7. HP: 54/56 MP: 6/10
  2085 | D:4      | Learned a level 2 spell: Song of Slaying
  2088 | D:4      | Learned a level 2 spell: Shroud of Golubria
  2092 | D:4      | Learned a level 3 spell: Regeneration
  2364 | D:4      | HP: 12/57 [bmj180's ghost (5)]
  2369 | D:4      | HP: 11/85 [bmj180's ghost (4)]
  2371 | D:4      | Killed bmj180's ghost
  2371 | D:4      | Reached skill level 6 in Fighting
  2890 | D:5      | Entered Level 5 of the Dungeon
  2896 | D:5      | Reached skill level 6 in Axes
  2910 | D:5      | Reached XP level 8. HP: 43/65 MP: 6/11
  2965 | D:5      | Found a hazy altar of Hepliaklqana.
  3109 | D:5      | Reached skill level 7 in Fighting
  3319 | D:5      | Found a white marble altar of Elyvilon.
  3446 | D:5      | HP: 16/67 [poisoned by a worker ant]
  3447 | D:5      | HP: 7/67 [hound (2)]
  3448 | D:5      | Gained mutation: Your body sometimes deteriorates upon taking damage. [potion of mutation]
  3448 | D:5      | Gained mutation: You are frail. (-10% HP) [potion of mutation]
  3448 | D:5      | Gained mutation: Your system is resistant to poisons. (rPois) [potion of mutation]
  3662 | D:5      | Found a runed door.
  3803 | D:5      | Found an ornate altar of the Wu Jian Council.
  3990 | D:6      | Noticed Pikel
  4025 | D:5      | Reached skill level 7 in Axes
  4284 | D:6      | Noticed Mirai's ghost (novice MiFi)
  4408 | D:5      | Killed Pikel
  4408 | D:5      | Reached skill level 8 in Fighting
  4408 | D:5      | Reached XP level 9. HP: 20/67 MP: 12/12
  4660 | D:6      | Reached skill level 8 in Axes
  4773 | D:6      | Noticed Menkaure
  4782 | D:6      | HP: 12/67 [??? (10)]
  4784 | D:6      | Killed Menkaure
  4784 | D:6      | Reached skill level 2 in Dodging
  4784 | D:6      | Reached skill level 1 in Shields
  4787 | D:6      | HP: 7/67 [poisoned by an adder]
  4795 | D:6      | HP: 7/67 [poisoned by an adder]
  5027 | D:6      | You fall through a shaft for 2 floors!
  5036 | D:8      | Reached skill level 1 in Necromancy
  5219 | D:8      | Reached skill level 2 in Armour
  5326 | D:8      | Reached skill level 9 in Fighting
  5500 | D:7      | HP: 17/68 [ogre/giant club (7)]
  5501 | D:7      | Slain by an ogre

Skill      XL: |  1  2  3  4  5  6  7  8  9 |
---------------+----------------------------+-----
Fighting       | 3 4 5 6 8 9 |  9.0
Axes           | 3 4 5 6 7 8 |  8.2
Dodging        | 2 |  2.4
Shields        | 1 |  1.9
Necromancy     | 1 |  1.7
Armour         | 2 |  2.2
Spellcasting   | |  2.9
Charms         | |  3.6

Action                   |  1- 3 |  4- 6 |  7- 9 || total
-------------------------+-------+-------+-------++-------
Melee: Hand axe          |    79 |   127 |    12 ||   218
       War axe           |       |       |   276 ||   276
 Cast: Infusion          |    13 |     7 |     6 ||    26
       Shroud of Golubri |       |       |     1 ||     1
       Song of Slaying   |       |       |     1 ||     1
Invok: Potion Petition   |       |       |     2 ||     2
  Use: Scroll            |     3 |     6 |     3 ||    12
       Potion            |       |     2 |     7 ||     9
  Eat: Chunk             |     1 |     1 |     2 ||     4
       Ration            |       |     1 |     3 ||     4
Armor: Leather armour    |     1 |       |       ||     1
       Ring mail         |    18 |    57 |    85 ||   160
       Skin              |       |       |     5 ||     5
Dodge: Dodged            |    51 |    87 |   124 ||   262
Block: Shield            |       |       |    79 ||    79

Vault maps used:
D:1:      minmay_arrival_widening_spiral_wide, nemelex_xobeh_ov_fountains_minmay
D:2:      tso_oasis_becter, lemuel_round_altar, nicolae_ru_the_path_less_chosen
D:3:      eat_drink_and_be_merry_uskayaw, makhleb_blood_cavern_becter,
          chequers_ecumenical_altar_twisty, bh_chokoban,
          corexii_item_surrounded_by_moat
D:4:      cheibrodos_pilgrimage, first_ration
D:5:      elyvilon_altar_4, marbit_many_paths, lemuel_crystal_altar,
          uniq_crazy_yiuf_cottage
D:6:      temple_green, uniq_pikel, uniq_menkaure
D:7:      kennysheep_little_box
D:8:      kennysheep_mini_moat, chequers_guarded_unrand_ignorance, uniq_psyche

Table legend:
 A = Turns spent in this place as a percentage of turns spent in the entire game.
 B = Non-inter-level travel turns spent in this place as a percentage of non-inter-level travel turns spent in the entire game.
 C = Inter-level travel turns spent in this place as a percentage of turns spent in this place.
 D = Turns resting spent in this place as a percentage of non-inter-level travel turns spent in this place.
 E = Turns spent auto-exploring this place as a percentage of non-inter-level travel turns spent in this place.
 F = Non-inter-level travel turns spent in this place divided by the number of levels of this place that you've seen.
                   A       B       C       D       E      F
               +-------+-------+-------+-------+-------+----------------------
         Total | 100.0 | 100.0 |   5.1 |   2.4 |  74.8 | 652.6
       Dungeon | 100.0 | 100.0 |   5.1 |   2.4 |  74.8 | 652.6
               +-------+-------+-------+-------+-------+----------------------

Table legend:
 A = Kills in this place as a percentage of kills in entire the game.
 B = Kills by you in this place as a percentage of kills by you in the entire game.
 C = Kills by friends in this place as a percentage of kills by friends in the entire game.
 D = Other kills in this place as a percentage of other kills in the entire game.
 E = Experience gained in this place as a percentage of experience gained in the entire game.
 F = Experience gained in this place divided by the number of levels of this place that you have seen.
                   A       B       C       D       E      F
               +-------+-------+-------+-------+-------+----------------------
         Total | 100.0 | 100.0 |   N/A |   N/A | 100.0 | 410.8
       Dungeon | 100.0 | 100.0 |   N/A |   N/A | 100.0 | 410.8
               +-------+-------+-------+-------+-------+----------------------
